 Dungeon Crawl Stone Soup version 0.30.1 (webtiles) character file.

Game seed: 10822916960092047786

354 McKennaii the Conjurer (level 6, -9/45 HPs)
             Began as a Demigod Conjurer on July 11, 2023.
             Mangled by zxspectator's ghost (11 damage)
             ... on level 4 of the Dungeon.
             The game lasted 00:03:17 (3440 turns).

McKennaii the Conjurer (Demigod Conjurer)           Turns: 3440, Time: 00:03:18

Health: -9/45      AC:  2    Str:  8    XL:     6   Next: 12%
Magic:  2/15       EV: 12    Int: 28    God:
Gold:   133        SH:  0    Dex: 12    Spells: 6/13 levels left

rFire   . . .        (no weapon)
rCold   . . .        (no shield)
rNeg    . . .        a - +0 robe
rPois   .            (no helmet)
rElec   .            (no cloak)
rCorr   .            (no gloves)
SInv    .            (no boots)
Will    .....        (no amulet)
Stlth   ++           (no ring)
HPRegen 0.27/turn    (no ring)
MPRegen 0.14/turn

%: no passive effects
@: no status effects
A: high MP 1, forlorn, divine attributes
a: no special abilities


You were on level 4 of the Dungeon.
You visited 1 branch of the dungeon, and saw 4 of its levels.

You collected 181 gold pieces.
You spent 48 gold pieces at shops.

Inventory:

Armour
 a - a +0 robe (worn)
Wands
 o - a wand of charming (10)
Scrolls
 c - a scroll of fear
 d - a scroll of summoning
 e - 2 scrolls of noise
 f - 2 scrolls of identify {unknown}
 j - 2 scrolls of teleportation {unknown}
 k - a scroll of enchant weapon {unknown}
 l - a scroll of fog {unknown}
 r - a scroll of enchant armour {unknown}
Potions
 b - a potion of magic
 g - a potion of mutation {unknown}
 h - a potion of might {unknown}
 i - 2 potions of curing
 m - a potion of attraction {unknown}
 n - a potion of heal wounds {unknown}
 p - 3 potions of brilliance {unknown}
 q - a potion of berserk rage {unknown}


   Skills:
 - Level 1.7 Dodging
 - Level 1.7 Stealth
 + Level 4.2 Spellcasting
 + Level 5.5 Conjurations


You had 6 spell levels left.
You knew the following spells:

 Your Spells              Type           Power      Damage    Failure   Level
a - Magic Dart            Conj           100%       1d8       1%          1
b - Searing Ray           Conj           74%        2d7       1%          2
c - Iskenderun's Mystic   Conj/Tloc      21%        2d6       22%         4

Your spell library contained the following spells:

 Spells                   Type           Power      Damage    Failure   Level
 Dazzling Flash           Conj/Hex       42%        N/A       7%          3
 Necrotise                Necr           20%        1d5       8%          1
 Vampiric Draining        Necr           5%         2d6       22%         3
 Fulminant Prism          Conj/Hex       10%        3d8       22%         4
 Agony                    Necr           5%         N/A       90%         5


Dungeon Overview and Level Annotations

Branches:
Dungeon (4/15)
 Temple: D:4-7

Shops:
D:2 !

Annotations:
D:4 zxspectator's ghost, amateur FoFi


Innate Abilities, Weirdness & Mutations

You have an increased reservoir of magic. (+10% MP)
You shall have no god before yourself.
Your divine heritage dramatically boosts your attributes as you level up.


Message History

Zxspectator's ghost attacks as you move away!
Zxspectator's ghost barely misses you.
You hit zxspectator's ghost but do no damage.
Zxspectator's ghost is heavily damaged.
Zxspectator's ghost barely misses you.
Your jelly hits zxspectator's ghost.
Zxspectator's ghost is splashed with acid.
Your magical contamination has completely faded away.
Unknown command.
Casting: Iskenderun's Mystic Blast (quite dangerous; 22% risk of failure)
Confirm with . or Enter, or press ? or * to list all spells.
Aiming: Magic Dart (safe; 1% risk of failure)
Press: ? - help, Shift-Dir - straight line, f - zxspectator's ghost
Aim: zxspectator's ghost (heavily damaged, covered in acid, ally target, 100% to hit)
The magic dart hits zxspectator's ghost.
Zxspectator's ghost is severely damaged.
Zxspectator's ghost is no longer covered in acid.
Zxspectator's ghost hits you!
* * * LOW HITPOINT WARNING * * *
Your jelly closely misses zxspectator's ghost.
Unknown command.
Something hits your kobold.
Your kobold dies!
Your kobold's corpse dissolves into shadows!
Found a scroll labelled BIARRAPNIB.
Casting: Magic Dart (safe; 1% risk of failure)
Confirm with . or Enter, or press ? or * to list all spells.
Aiming: Searing Ray (safe; 1% risk of failure)
Press: ? - help, Shift-Dir - straight line, f/p - zxspectator's ghost
Aim: zxspectator's ghost (severely damaged, 83% to hit)
The searing ray hits zxspectator's ghost but does no damage.
Zxspectator's ghost is severely damaged. (Press . to maintain the ray.) Zxspectator's ghost shouts, "You will join me soon!"
Zxspectator's ghost hits you!
* * * LOW HITPOINT WARNING * * *
Unknown command.
The searing ray hits zxspectator's ghost!
Zxspectator's ghost is almost destroyed.
Zxspectator's ghost hits you!
You die...

.. #. .. .. #. ####. #?# #.
#... ... #< #.. ... # ###
#.##.##.#.# . . ..#
#.......#.#.# # #.#
#.JW..!>#.#.# #####.#
##.#@#......# # ...##.#
#J#.......## ## ##.##.#
#.#........# #.
##.##.########.####.....#
#.
.............#.g.K..#######
#.
############†######g†~~~~$~
## #......# #.####### ##
####.##.#.# #.....# #.
######.......#.#
##....###### #.


You could see zxspectator's ghost (ally target) and a friendly jelly (summoned).

Vanquished Creatures
  A phantom (D:4)
  A hound (D:4)
  Natasha (twice) (D:2)
  An orc wizard (D:3)
  2 gnolls (D:4)
  9 adders
  2 worms
  2 dart slugs (D:2)
  4 orcs
  6 ball pythons
  6 endoplasms
  5 giant cockroaches
  6 goblins
  4 hobgoblins
  5 kobolds
  2 quokkas
  3 bats
  5 frilled lizards
  4 rats
70 creatures vanquished.

Notes
Turn   | Place    | Note
-------+----------+-------------------------------------------
     0 | D:1      | McKennaii the Demigod Conjurer began the quest for the Orb.
     0 | D:1      | Reached XP level 1. HP: 14/14 MP: 5/5
   312 | D:1      | Reached XP level 2. HP: 20/20 MP: 5/7
   319 | D:1      | Learned a level 2 spell: Searing Ray
   470 | D:1      | Reached skill level 4 in Conjurations
  1177 | D:2      | Reached XP level 3. HP: 26/26 MP: 6/9
  1379 | D:2      | Noticed Natasha
  1383 | D:2      | Killed Natasha
  1476 | D:2      | Found Fuddazoh's Distillery.
  1483 | D:2      | Bought a potion of degeneration for 12 gold pieces
  1483 | D:2      | Bought a potion of curing for 36 gold pieces
  1516 | D:2      | Reached XP level 4. HP: 25/33 MP: 5/11
  1996 | D:2      | Noticed Natasha
  2001 | D:2      | Killed Natasha
  2286 | D:3      | Reached XP level 5. HP: 38/38 MP: 11/13
  2291 | D:3      | Learned a level 4 spell: Iskenderun's Mystic Blast
  2744 | D:4      | Reached skill level 5 in Conjurations
  3095 | D:4      | Found a runed translucent door.
  3297 | D:4      | Noticed zxspectator's ghost (amateur FoFi)
  3311 | D:4      | Reached XP level 6. HP: 45/45 MP: 0/15
  3439 | D:4      | HP: 1/45 [zxspectator's ghost (10)]
  3440 | D:4      | Mangled by zxspectator's ghost

Illustrated notes

Levels and vault maps discovered:
D:1:      dreamdust_arrival_sigmund_warning, layout_rooms,
          chequers_ecumenical_altar_simple_redux
D:2:      layout_loops_ring, serial_shops, nicolae_shop_statue_plus,
          minmay_heptomino_h4, uniq_natasha
D:3:      layout_basic, mainiacjoe_overflow_small_starburst
D:4:      layout_loops_cross, serial_shops,
          nicolae_shop_competitors_out_of_business, ebering_ghost_sewer_d,
          grunt_ministairs_15

Skill      XL: |  1  2  3  4  5 |
---------------+----------------+-----
Spellcasting   | 2 3 4 |  4.2
Conjurations   | 4 5 |  5.5
Dodging        | |  1.7
Stealth        | |  1.7

Action                     |  1- 3 |  4- 6 || total
---------------------------+-------+-------++-------
  Melee: Unarmed           |    32 |     3 ||    35
   Cast: Magic Dart        |    73 |    59 ||   132
         Searing Ray       |     2 |    10 ||    12
         Iskenderun's Myst |       |     1 ||     1
    Use: Scroll            |       |     3 ||     3
 Armour: Robe              |    10 |     1 ||    11
  Dodge: Dodged            |    38 |    26 ||    64
